 Dungeon Crawl Stone Soup version 0.19-a0-812-g33f3bc8 (webtiles) character file.

58 qqqbard the Grave Robber (level 3, -8/19 HPs)
             Began as a Deep Elf Necromancer on June 28, 2016.
             Mangled by an orc priest
             ... wielding a +0 mace
              (10 damage)
             ... on level 3 of the Dungeon.
             The game lasted 00:06:22 (2130 turns).

qqqbard the Grave Robber (Deep Elf Necromancer)     Turns: 2130, Time: 00:06:23

Health: -8/19      AC:  3    Str:  5    XL:     3   Next: 75%
Magic:  7/10       EV: 13    Int: 20    God:
Gold:   79         SH:  0    Dex: 15    Spells: 2 memorised, 7 levels left

rFire  . . .     SeeInvis .     (no weapon)
rCold  . . .     Gourm    .     a - +0 robe
rNeg   . . .     Faith    .     (no shield)
rPois  .         Spirit   .     (no helmet)
rElec  .         Dismiss  .     (no cloak)
rCorr  .         Reflect  .     (no gloves)
SustAt .         Harm     .     k - +0 pair of boots
MR     .....                    (no amulet)
Stlth  ++........               (no ring)
                                (no ring)

@: not resistant to hostile enchantments, unstealthy
A: no striking features
a: no special abilities


You were on level 3 of the Dungeon.
You were not hungry.

You visited 1 branch of the dungeon, and saw 3 of its levels.

You collected 79 gold pieces.

Inventory:

Armour
 a - a +0 robe (worn)
 k - a +0 pair of boots (worn)
Scrolls
 d - 2 scrolls of remove curse {unknown}
 g - a scroll of enchant armour {unknown}
 h - a scroll of noise {unknown}
 m - 2 scrolls of identify {unknown}
 n - 2 scrolls of fog {unknown}
 r - a scroll of blinking {unknown}
 s - 2 scrolls of magic mapping {unknown}
Potions
 e - 5 potions of curing {unknown}
 i - 2 potions of brilliance {unknown}
 j - a potion of cancellation {unknown}
 l - a potion of lignification {unknown}
 o - 2 potions of flight {unknown}
 p - a potion of might {unknown}
 q - a potion of agility {unknown}
Books
 b - a book of Necromancy

   Spells                             Type                      Level
   a - Pain                           Necromancy                   1
   b - Animate Skeleton               Necromancy                   1
   c - Vampiric Draining              Necromancy                   3
   d - Regeneration                   Charms/Necromancy            3
   e - Animate Dead                   Necromancy                   4
   f - Control Undead                 Necromancy                   4
Comestibles
 c - 2 bread rations
 f - a chunk of flesh


   Skills:
 + Level 2.8 Dodging
 + Level 3.3 Stealth
 + Level 3.8 Spellcasting
 * Level 5.5 Necromancy


You had 7 spell levels left.
You knew the following spells:

 Your Spells              Type           Power        Failure   Level  Hunger
a - Pain                  Necr           ####         1%          1    None
b - Animate Skeleton      Necr           N/A          1%          1    None


Dungeon Overview and Level Annotations

Branches:
Dungeon (3/15)

Altars:
Fedhas
Kikubaaqudgha


Message History

Press: ? - help, Shift-Dir - straight line, f/p - orc
Aim: an orc, wielding a hand axe and wearing a leather armour (lightly wounded, chance to defeat MR: 96%)
The orc convulses in agony!
You kill the orc!
You hear a shout! 2 orc priests come into view.
The orc priest shouts!
The orc priest calls down the wrath of Beogh upon you.
Beogh smites you!
Ouch! That really hurt!
* * * LOW HITPOINT WARNING * * *
Found 12 gold pieces.
Found a blossoming altar of Fedhas.
Casting: Pain
Confirm with . or Enter, or press ? or * to list all spells.
Aiming: Pain
Press: ? - help, Shift-Dir - straight line, f - orc priest
Aim: an orc priest, wielding a mace (chance to defeat MR: 84%)
The orc priest convulses in agony!
The orc priest hits you with a mace!
Ouch! That really hurt!
You die...

##### #### #...#
#P..##... #P_....o###
.P$..)...#### #.o.....P.#
## ##@..P._P#
#.###...##PPP## #.#....#
#... #.##### #####.####
#.# #>.......# ##.## #.#
#.#..# #
####...######.###....####
+)......................'
##.......####[##.#...####


You could see 2 orc priests.

Vanquished Creatures
  An ooze (D:1)
  A worm (D:1)
  2 dart slugs (D:2)
  A giant gecko (D:1)
  An orc (D:3)
  A ball python (D:2)
  5 bats
  3 giant cockroaches
  4 hobgoblins
  2 jackals (D:1)
  5 kobolds
  A quokka (D:2)
  2 giant newts
  3 goblins
  6 rats
38 creatures vanquished.

Vanquished Creatures (collateral kills)
  A bat (D:2)
  A giant cockroach (D:2)
  A rat (D:1)
3 creatures vanquished.

Grand Total: 41 creatures vanquished

Notes
Turn   | Place    | Note
--------------------------------------------------------------
     0 | D:1      | qqqbard the Deep Elf Necromancer began the quest for the Orb.
     0 | D:1      | Reached XP level 1. HP: 10/10 MP: 6/6
    41 | D:1      | Reached skill level 5 in Necromancy
   106 | D:1      | Learned a level 1 spell: Animate Skeleton
   181 | D:1      | Reached XP level 2. HP: 8/15 MP: 4/8
  1111 | D:1      | Reached XP level 3. HP: 19/19 MP: 7/9
  2125 | D:3      | Found an ancient bone altar of Kikubaaqudgha.
  2129 | D:3      | Found a blossoming altar of Fedhas.
  2130 | D:3      | Mangled by an orc priest

Vault maps used:
D:1:      minmay_arrival_stone_box
D:3:      grunt_temple_overflow_order_and_chaos_2,
          grunt_temple_overflow_growth_and_decay, first_bread

Skill      XL: |  1  2 |
---------------+-------+-----
Necromancy     | 5 |  5.5
Stealth        | 3 |  3.3
Dodging        | |  2.8
Spellcasting   | |  3.8

Action                   || total
-------------------------++-------
 Cast: Pain              ||    60
       Animate Skeleton  ||    15
  Eat: Chunk             ||     3
Armor: Robe              ||     3
Dodge: Dodged            ||     6
